Diablos vs Monarchs
Created - February 6, 2020 at 20:51
Goals
|
Diablos |
1 |
3 |
1 |
5 |
Monarchs |
2 |
3 |
2 |
7 |
|
Shots
|
Diablos |
6 |
17 |
11 |
34 |
Monarchs |
6 |
14 |
21 |
41 |
|
1st period
1. Monarchs , Tom Wilson 19 (Andreas Martinsen 29) at 6:06
2. Diablos , Nick Spaling 33 (Lars Eller 19, Jordan Szwarz 28) at 18:47
3. Monarchs , Max Domi 22 (John Draeger 12, Darroll Powe 4) at 19:47
Penalties :
Andrey Pedan (Don) for Delaying the game (Minor) at 7:09
2nd period
4. Monarchs , Darroll Powe 6 (Max Domi 37, Samuel Morin 12) at 0:11
5. Monarchs , Tom Wilson 20 (Chris Tierney 29, Andreas Martinsen 30) at 1:31
6. Monarchs , Darroll Powe 7 (Max Domi 38, Zach Trotman 8) at 2:47
7. Diablos , Nick Spaling 34 (Viktor Loov 14, Lars Eller 20) at 15:48
8. Diablos , Alex Petrovic 3 (Peter Holland 2, Sergey Tolchinsky 4) at 17:02
9. Diablos , Nick Spaling 35 (Jordan Szwarz 29) at 18:26
Penalties :
Andreas Martinsen (MAN) for Tripping (Minor) at 3:56, Brian Dumoulin (Don) for Hooking (Minor) at 10:40, Zach Trotman (MAN) for Diving (Minor) at 18:41
3rd period
10. Diablos , Ty Rattie 4 (Adrian Kempe 18) at 3:45
11. Monarchs , Chris Tierney 22 (Max Domi 39, Anthony Mantha 7) at 12:31 (PP)
12. Monarchs , Nicolas Deslauriers 12 (Luke Witkowski 27, John Draeger 13) at 19:46 (Empty Net)
Penalties :
Ty Rattie (Don) for Hooking (Minor) at 1:27, Tyler Pitlick (Don) for Hooking (Minor) at 10:42
Goalie Stats
Joni Ortio (Don), 5 saves from 9 shots - (0.556), 21:31 minutes
Kristers Gudlevskis (Don), 29 saves from 31 shots - (0.935), L, 15-14-4, 38:03 minutes
Jason Missiaen (MAN), 29 saves from 34 shots - (0.853), W, 9-5-0, 60:00 minutes
Players Stats for Diablos
Player Name G A P +/- PIM S H SB GA TA FO MP PP MP PK MP
------------------------------------------------------------------------------------
Adrian Kempe 0 1 1 0 0 1 0 0 0 0 3/4 7:05 0:00 0:00
Alex Petrovic 1 0 1 1 0 3 1 1 0 1 0/0 19:58 1:42 2:58
Andrei Mironov 0 0 0 1 0 0 1 0 0 0 0/0 9:21 0:00 0:00
Andrey Pedan 0 0 0 1 2 3 0 0 0 0 0/0 10:35 0:00 1:13
Brian Dumoulin 0 0 0 -2 2 0 2 2 0 1 0/0 26:02 2:16 3:35
Corey Trivino 0 0 0 -1 0 0 2 1 0 0 3/6 17:51 1:47 2:02
Danton Heinen 0 0 0 0 0 0 0 0 0 0 0/0 0:00 0:00 0:00
David Pastrnak 0 0 0 0 0 1 1 0 1 0 0/1 10:20 0:00 0:00
Dominic Turgeon 0 0 0 0 0 0 0 0 0 0 0/0 0:00 0:00 0:00
Jack Glover 0 0 0 0 0 0 0 0 0 0 0/0 0:00 0:00 0:00
Jakub Vrana 0 0 0 0 0 0 0 0 0 0 0/0 7:05 0:00 0:00
Jiri Sekac 0 0 0 -1 0 4 1 0 0 0 2/2 16:45 1:47 1:07
Jordan Szwarz 0 2 2 0 0 3 1 1 1 0 2/2 21:10 2:11 2:02
Lars Eller 0 2 2 0 0 5 1 1 1 1 13/30 23:27 2:11 4:27
Matt Lindblad 0 0 0 0 0 0 0 0 0 0 0/0 1:17 0:00 1:17
Nick Spaling 3 0 3 0 0 8 0 1 1 0 5/9 23:24 2:11 4:26
Peter Holland 0 1 1 0 0 1 0 0 0 0 4/7 10:33 0:00 0:11
Philip Larsen 0 0 0 -2 0 2 2 2 0 3 0/0 27:05 2:16 4:48
Riley Nash 0 0 0 0 0 0 0 0 0 0 0/0 0:00 0:00 0:00
Sergey Tolchinsky 0 1 1 0 0 0 1 0 0 0 0/0 10:20 0:00 0:00
Stuart Percy 0 0 0 -1 0 0 0 0 0 0 0/0 3:36 0:00 0:00
Ty Rattie 1 0 1 0 2 1 0 0 0 0 0/0 7:05 0:00 0:00
Tyler Lewington 0 0 0 -1 0 0 0 0 0 0 0/0 3:36 0:00 0:00
Tyler Pitlick 0 0 0 -1 2 1 3 2 0 0 1/1 15:37 1:47 0:00
Viktor Loov 0 1 1 1 0 1 1 5 0 1 0/0 19:58 1:42 2:58
Players Stats for Monarchs
Player Name G A P +/- PIM S H SB GA TA FO MP PP MP PK MP
------------------------------------------------------------------------------------
Aaron Ekblad 0 0 0 0 0 1 0 4 0 0 0/0 19:41 5:15 0:49
Andreas Martinsen 0 2 2 0 2 2 1 0 1 0 0/0 15:01 3:36 0:10
Anthony Mantha 0 1 1 2 0 2 4 0 1 0 0/1 20:03 3:47 0:37
Brett Connolly 0 0 0 0 0 0 1 0 0 0 0/0 6:37 0:16 0:00
Chris Tierney 1 1 2 1 0 8 3 0 1 0 7/13 17:23 3:25 0:43
Darroll Powe 2 1 3 2 0 6 0 3 0 0 11/26 18:16 0:00 2:38
Elias Lindholm 0 0 0 0 0 1 1 0 0 0 3/7 10:01 3:55 0:00
Griffin Reinhart 0 0 0 0 0 1 0 1 1 1 0/0 20:46 5:15 1:50
Jacob De La Rose 0 0 0 0 0 1 1 0 0 0 0/1 7:44 0:00 0:43
John Draeger 0 2 2 1 0 0 0 2 0 1 0/0 17:48 0:00 3:09
Keith Yandle 0 0 0 1 0 0 0 0 0 0 0/0 6:54 0:00 0:00
Luke Witkowski 0 1 1 -1 0 2 1 3 0 0 0/0 17:47 0:48 2:38
Max Domi 1 3 4 2 0 4 2 0 1 0 2/2 19:25 3:47 0:00
Morgan Rielly 0 0 0 -1 0 2 1 1 0 0 0/0 15:37 2:31 0:00
Nicolas Deslauriers 1 0 1 -1 0 3 3 0 0 1 0/2 14:49 0:08 0:27
Oscar Sundqvist 0 0 0 -2 0 1 2 1 0 0 6/10 13:23 0:07 0:00
Samuel Morin 0 1 1 -1 0 0 1 0 0 1 0/0 17:33 2:31 0:49
Scott Mayfield 0 0 0 1 0 0 0 0 0 0 0/0 6:54 0:00 0:00
Tom Wilson 2 0 2 0 0 4 1 1 2 0 0/0 14:45 3:29 0:00
Zach Trotman 0 1 1 1 2 3 0 0 0 0 0/0 15:33 0:00 1:19
3 Stars
1 - Max Domi (MAN)
2 - Darroll Powe (MAN)
3 - Nick Spaling (Don)
Power Play
Diablos - 0 on 2 Attempt(s) - 0.00%
Monarchs - 1 on 4 Attempt(s) - 25.00%
Penalty Kill
Diablos - 3 on 4 Attempt(s) - 75.00%
- Score 0 goal in Penalty Kill
Monarchs - 2 on 2 Attempt(s) - 100.00%
- Score 0 goal in Penalty Kill
Team Stat
Diablos - Hits : 17 - Faceoff Wins : 33 - Blocked Shots : 16 - Penalty Minutes : 8
Monarchs - Hits : 22 - Faceoff Wins : 29 - Blocked Shots : 16 - Penalty Minutes : 4
Official
Referees : Unknown
Linesman : Unknown
Game Notes
Kristers Gudlevskis enters game at 1:31 of 2nd period
Nick Spaling has scored a Hat Trick!
Nicolas Deslauriers has scored in a empty net!
Finance
Level 1 -- Attendance: 1242 (62.10%) -- Ticket Income $49,680
Level 2 -- Attendance: 672 (67.20%) -- Ticket Income $13,440
Total Attendance: 1914 (63.80%)
Total Ticket Income: $63,120
Other Income: $3,156
Total Income: $66,276
Diablos
5 vs 5 Forward
Center Left Wing Right Wing Time % Phy DF OF
1 Lars Eller Nick Spaling Jordan Szwarz 40 1 2 2
2 Corey Trivino Jiri Sekac Tyler Pitlick 30 1 2 2
3 Peter Holland Sergey Tolchinsky David Pastrnak 20 1 2 2
4 Adrian Kempe Jakub Vrana Ty Rattie 10 1 2 2
5 vs 5 Defense
Defense Defense Time % Phy DF OF
1 Brian Dumoulin Philip Larsen 40 1 2 2
2 Alex Petrovic Viktor Loov 30 1 2 2
3 Andrey Pedan Andrei Mironov 20 1 2 2
4 Stuart Percy Tyler Lewington 10 1 2 2
PowerPlay Forward
Center Left Wing Right Wing Time % Phy DF OF
1 Lars Eller Nick Spaling Jordan Szwarz 60 1 2 2
2 Corey Trivino Jiri Sekac Tyler Pitlick 40 1 2 2
PowerPlay Defense
Defense Defense Time % Phy DF OF
1 Brian Dumoulin Philip Larsen 60 1 2 2
2 Alex Petrovic Viktor Loov 40 1 2 2
Penalty Kill 4 Players Forward
Center Wing Time % Phy DF OF
1 Nick Spaling Lars Eller 60 1 2 2
2 Jordan Szwarz Corey Trivino 40 1 2 2
Penalty Kill 4 Players Defense
Defense Defense Time % Phy DF OF
1 Brian Dumoulin Philip Larsen 60 1 2 2
2 Alex Petrovic Viktor Loov 40 1 2 2
Penalty Kill - 3 Players Forward
Forward Time % Phy DF OF
1 Nick Spaling 60 1 2 2
2 Lars Eller 40 1 2 2
Penalty Kill - 3 Players Defense
Defense Defense Time % Phy DF OF
1 Brian Dumoulin Philip Larsen 60 1 2 2
2 Alex Petrovic Viktor Loov 40 1 2 2
4 vs 4 Forward
Center Wing Time % Phy DF OF
1 Nick Spaling Lars Eller 60 1 2 2
2 Jordan Szwarz Corey Trivino 40 1 2 2
4 vs 4 Defense
Defense Defense Time % Phy DF OF
1 Brian Dumoulin Philip Larsen 60 1 2 2
2 Alex Petrovic Viktor Loov 40 1 2 2
Last Minutes Offensive
Center Left Wing Right Wing Defense Defense
Lars Eller Nick Spaling Jordan Szwarz Brian Dumoulin Philip Larsen
Last Minutes Defensive
Center Left Wing Right Wing Defense Defense
Lars Eller Nick Spaling Jordan Szwarz Brian Dumoulin Philip Larsen
Goaltenders
Starting : Joni Ortio
Backup : Kristers Gudlevskis
Extra Forwards
Normal : Danton Heinen, Riley Nash, Matt Lindblad - PP : Danton Heinen, Riley Nash - PK : Matt Lindblad
Extra Defensemen
Normal : Jack Glover, Andrey Pedan, Andrei Mironov - PP : Jack Glover - PK : Andrey Pedan, Andrei Mironov
Penalty Shots
Nick Spaling, Lars Eller, Jordan Szwarz, Corey Trivino, Tyler Pitlick
Scratches
Jamie Devane (Healthy), Tobias Lindberg (Healthy), Anthony Camara (Healthy), Branden Troock (Healthy), Ryan MacInnis (Healthy)
Matt Tomkins (Healthy)
Monarchs
5 vs 5 Forward
Center Left Wing Right Wing Time % Phy DF OF
1 Darroll Powe Max Domi Anthony Mantha 40 1 2 2
2 Chris Tierney Andreas Martinsen Tom Wilson 25 1 2 2
3 Oscar Sundqvist Nicolas Deslauriers Luke Witkowski 25 1 2 2
4 Elias Lindholm Jacob De La Rose Brett Connolly 10 1 2 2
5 vs 5 Defense
Defense Defense Time % Phy DF OF
1 Samuel Morin Aaron Ekblad 30 1 3 1
2 Zach Trotman Morgan Rielly 30 0 2 3
3 John Draeger Griffin Reinhart 30 0 3 2
4 Keith Yandle Scott Mayfield 10 1 3 1
PowerPlay Forward
Center Left Wing Right Wing Time % Phy DF OF
1 Chris Tierney Max Domi Anthony Mantha 60 0 1 4
2 Elias Lindholm Andreas Martinsen Tom Wilson 40 0 1 4
PowerPlay Defense
Defense Defense Time % Phy DF OF
1 Aaron Ekblad Griffin Reinhart 60 0 3 2
2 Samuel Morin Morgan Rielly 40 0 3 2
Penalty Kill 4 Players Forward
Center Wing Time % Phy DF OF
1 Darroll Powe Luke Witkowski 60 1 3 1
2 Chris Tierney Jacob De La Rose 40 1 3 1
Penalty Kill 4 Players Defense
Defense Defense Time % Phy DF OF
1 John Draeger Zach Trotman 60 1 4 0
2 Samuel Morin Aaron Ekblad 40 1 4 0
Penalty Kill - 3 Players Forward
Forward Time % Phy DF OF
1 Darroll Powe 60 1 3 1
2 Andreas Martinsen 40 1 3 1
Penalty Kill - 3 Players Defense
Defense Defense Time % Phy DF OF
1 John Draeger Zach Trotman 60 1 4 0
2 Aaron Ekblad Samuel Morin 40 1 4 0
4 vs 4 Forward
Center Wing Time % Phy DF OF
1 Max Domi Anthony Mantha 60 1 2 2
2 Darroll Powe Andreas Martinsen 40 1 2 2
4 vs 4 Defense
Defense Defense Time % Phy DF OF
1 Aaron Ekblad Samuel Morin 60 1 2 2
2 Zach Trotman Griffin Reinhart 40 1 2 2
Last Minutes Offensive
Center Left Wing Right Wing Defense Defense
Chris Tierney Max Domi Anthony Mantha Aaron Ekblad Morgan Rielly
Last Minutes Defensive
Center Left Wing Right Wing Defense Defense
Chris Tierney Nicolas Deslauriers Luke Witkowski John Draeger Zach Trotman
Goaltenders
Starting : Jason Missiaen
Backup : Alex Nedeljkovic
Extra Forwards
Normal : Anthony Mantha, Tom Wilson, Luke Witkowski - PP : Luke Witkowski, Elias Lindholm - PK : Anthony Mantha
Extra Defensemen
Normal : Aaron Ekblad, Zach Trotman, Morgan Rielly - PP : Zach Trotman - PK : Griffin Reinhart, Scott Mayfield
Penalty Shots
Anthony Mantha, Darroll Powe, Oscar Sundqvist, Elias Lindholm, Brett Connolly
Scratches
Cedric Paquette (Healthy), Colton Sissons (Healthy), Mike Hoffman (Healthy), Joel Vermin (Healthy), Jeff Petry (Healthy)
Anthony Peluso (Healthy), Gustav Forsling (Healthy), Chase De Leo (Healthy)
% Time on Ice - Diablos
Lines # - Real PCT - Wanted PCT - Time Play
Normal Forward
1 - 34% - 40% - 16:00
2 - 30% - 30% - 14:02
3 - 22% - 20% - 10:20
4 - 15% - 10% - 7:05
Normal Defense
1 - 40% - 40% - 19:12
2 - 32% - 30% - 15:18
3 - 20% - 20% - 9:21
4 - 8% - 10% - 3:36
PP Forward
1 - 55% - 60% - 2:11
2 - 45% - 40% - 1:47
PP Defense
1 - 57% - 60% - 2:16
2 - 43% - 40% - 1:42
PK Forward
1 - 74% - 60% - 5:44
2 - 26% - 40% - 2:02
PK Defense
1 - 62% - 60% - 4:48
2 - 38% - 40% - 2:58
PK3 Forward
1 - 0% - 60%
2 - 0% - 40%
PK3 Defense
1 - 0% - 60%
2 - 0% - 40%
44 Forward
1 - 0% - 60%
2 - 0% - 40%
44 Defense
1 - 0% - 60%
2 - 0% - 40%
Last Minute Offensive - 0:49
Last Minute Defensive - 0:00
Total
Forward - 60:00
Defense - 60:00
|
% Time on Ice - Monarchs
Lines # - Real PCT - Wanted PCT - Time Play
Normal Forward
1 - 33% - 40% - 15:46
2 - 25% - 25% - 12:03
3 - 28% - 25% - 13:16
4 - 13% - 10% - 6:14
Normal Defense
1 - 28% - 30% - 13:26
2 - 28% - 30% - 13:18
3 - 29% - 30% - 13:41
4 - 15% - 10% - 6:54
PP Forward
1 - 50% - 60% - 3:51
2 - 50% - 40% - 3:55
PP Defense
1 - 68% - 60% - 5:15
2 - 32% - 40% - 2:31
PK Forward
1 - 82% - 60% - 3:15
2 - 18% - 40% - 0:43
PK Defense
1 - 79% - 60% - 3:09
2 - 21% - 40% - 0:49
PK3 Forward
1 - 0% - 60%
2 - 0% - 40%
PK3 Defense
1 - 0% - 60%
2 - 0% - 40%
44 Forward
1 - 0% - 60%
2 - 0% - 40%
44 Defense
1 - 0% - 60%
2 - 0% - 40%
Last Minute Offensive - 0:00
Last Minute Defensive - 0:57
Total
Forward - 60:00
Defense - 60:00
|
Play-by-Play
1st period
0:01 of 1st period - Lars Eller wins face-off versus Darroll Powe in neutral zone.
0:33 of 1st period - Wrist shot by Corey Trivino.
0:33 of 1st period - Deflect By Tyler Pitlick.
0:33 of 1st period - Shot Misses the Net.
0:33 of 1st period - Puck is out of play.
0:34 of 1st period - Oscar Sundqvist wins face-off versus Corey Trivino in Monarchs zone.
0:40 of 1st period - Off-side.
0:41 of 1st period - Oscar Sundqvist wins face-off versus David Pastrnak in neutral zone.
0:44 of 1st period - Snap shot by Nicolas Deslauriers.
0:44 of 1st period - Shot Blocked by Viktor Loov.
0:46 of 1st period - Snap shot by Luke Witkowski.
0:46 of 1st period - Shot Misses the Net.
0:48 of 1st period - Slapshot by Zach Trotman.
0:48 of 1st period - Deflect By Alex Petrovic.
0:48 of 1st period - Stopped by Joni Ortio with a rebound.
0:50 of 1st period - Slapshot by Zach Trotman.
0:50 of 1st period - Shot Blocked by Alex Petrovic.
0:52 of 1st period - Wrist shot by Oscar Sundqvist.
0:52 of 1st period - Shot Misses the Net.
0:54 of 1st period - Snap shot by Nicolas Deslauriers.
0:54 of 1st period - Stopped by Joni Ortio without a rebound.
0:55 of 1st period - Adrian Kempe wins face-off versus Elias Lindholm in Diablos zone.
0:55 of 1st period - Adrian Kempe is hit by Jacob De La Rose.
1:21 of 1st period - Jiri Sekac is hit by Andreas Martinsen and loses puck.
1:28 of 1st period - Chris Tierney is hit by Corey Trivino and loses puck.
2:05 of 1st period - Slapshot by Peter Holland.
2:05 of 1st period - Shot Blocked by Oscar Sundqvist.
2:33 of 1st period - Slapshot by Tom Wilson.
2:33 of 1st period - Shot Misses the Net.
4:03 of 1st period - Chris Tierney is hit by Alex Petrovic and loses puck.
5:15 of 1st period - Wrist shot by Jiri Sekac.
5:15 of 1st period - Shot Misses the Net.
5:39 of 1st period - Andreas Martinsen is hit by Viktor Loov and loses puck.
6:06 of 1st period - Slapshot by Tom Wilson.
6:06 of 1st period - Goal by Tom Wilson - Diablos : 0 - Monarchs : 1.
6:07 of 1st period - Lars Eller wins face-off versus Anthony Mantha in neutral zone.
6:32 of 1st period - Brian Dumoulin is hit by Luke Witkowski and loses puck.
6:38 of 1st period - Icing by Brian Dumoulin.
6:39 of 1st period - Darroll Powe wins face-off versus Peter Holland in Diablos zone.
6:42 of 1st period - Snap shot by Darroll Powe.
6:42 of 1st period - Shot Misses the Net.
6:54 of 1st period - Wrist shot by David Pastrnak.
6:54 of 1st period - Shot Misses the Net.
6:56 of 1st period - Snap shot by Philip Larsen.
6:56 of 1st period - Deflect By Peter Holland.
6:56 of 1st period - Stopped by Jason Missiaen without a rebound.
6:57 of 1st period - Oscar Sundqvist wins face-off versus Lars Eller in Monarchs zone.
6:59 of 1st period - Nicolas Deslauriers is hit by Jordan Szwarz and loses puck.
7:09 of 1st period - Minor Penalty to Andrey Pedan for Delaying the game.
7:10 of 1st period - Max Domi wins face-off versus Nick Spaling in Diablos zone.
7:26 of 1st period - Wrist shot by Lars Eller.
7:26 of 1st period - Stopped by Jason Missiaen with a rebound.
7:53 of 1st period - Samuel Morin is hit by Corey Trivino and loses puck.
9:09 of 1st period - Penalty to Andrey Pedan is over, Andrey Pedan is back on ice.
9:16 of 1st period - Andrey Pedan is hit by Nicolas Deslauriers and loses puck.
9:29 of 1st period - Sergey Tolchinsky is hit by Chris Tierney and loses puck.
9:58 of 1st period - Wrist shot by Tyler Pitlick.
9:58 of 1st period - Stopped by Jason Missiaen with a rebound.
10:30 of 1st period - Andreas Martinsen is hit by Sergey Tolchinsky and loses puck.
10:52 of 1st period - Snap shot by Nick Spaling.
10:52 of 1st period - Shot Misses the Net.
11:16 of 1st period - Snap shot by Adrian Kempe.
11:16 of 1st period - Stopped by Jason Missiaen without a rebound.
11:17 of 1st period - Adrian Kempe wins face-off versus Darroll Powe in Monarchs zone.
11:33 of 1st period - Ty Rattie is hit by Anthony Mantha and loses puck.
11:52 of 1st period - Wrist shot by Jordan Szwarz.
11:52 of 1st period - Stopped by Jason Missiaen without a rebound.
11:53 of 1st period - Lars Eller wins face-off versus Jacob De La Rose in Monarchs zone.
11:56 of 1st period - Snap shot by Jordan Szwarz.
11:56 of 1st period - Shot Misses the Net.
12:18 of 1st period - Sergey Tolchinsky is hit by Nicolas Deslauriers and loses puck.
12:34 of 1st period - Icing by Oscar Sundqvist.
12:35 of 1st period - Darroll Powe wins face-off versus Corey Trivino in Monarchs zone.
12:44 of 1st period - Wrist shot by Corey Trivino.
12:44 of 1st period - Shot Blocked by Darroll Powe.
12:50 of 1st period - Snap shot by Corey Trivino.
12:50 of 1st period - Shot Misses the Net.
13:12 of 1st period - Snap shot by Nicolas Deslauriers.
13:12 of 1st period - Shot Misses the Net.
13:30 of 1st period - Snap shot by David Pastrnak.
13:30 of 1st period - Deflect By Peter Holland.
13:30 of 1st period - Shot Misses the Net.
13:30 of 1st period - Puck is out of play.
13:31 of 1st period - Peter Holland wins face-off versus Darroll Powe in Monarchs zone.
13:32 of 1st period - Slapshot by David Pastrnak.
13:32 of 1st period - Shot Blocked by Aaron Ekblad.
15:22 of 1st period - Lars Eller is hit by Oscar Sundqvist and loses puck.
16:06 of 1st period - Off-side.
16:07 of 1st period - Elias Lindholm wins face-off versus Adrian Kempe in neutral zone.
16:23 of 1st period - Snap shot by Elias Lindholm.
16:23 of 1st period - Shot Misses the Net.
18:06 of 1st period - Wrist shot by Brett Connolly.
18:06 of 1st period - Shot Misses the Net.
18:27 of 1st period - Slapshot by Chris Tierney.
18:27 of 1st period - Shot Misses the Net.
18:29 of 1st period - Snap shot by Andreas Martinsen.
18:29 of 1st period - Shot Misses the Net.
18:31 of 1st period - Snap shot by Chris Tierney.
18:31 of 1st period - Stopped by Joni Ortio without a rebound.
18:32 of 1st period - Lars Eller wins face-off versus Darroll Powe in Diablos zone.
18:45 of 1st period - Wrist shot by Lars Eller.
18:45 of 1st period - Shot Blocked by Morgan Rielly.
18:47 of 1st period - Wrist shot by Nick Spaling.
18:47 of 1st period - Goal by Nick Spaling - Diablos : 1 - Monarchs : 1.
18:48 of 1st period - Lars Eller wins face-off versus Darroll Powe in neutral zone.
19:03 of 1st period - Wrist shot by Nick Spaling.
19:03 of 1st period - Shot Misses the Net.
19:13 of 1st period - John Draeger is hit by Brian Dumoulin.
19:19 of 1st period - Snap shot by David Pastrnak.
19:19 of 1st period - Shot Blocked by Darroll Powe.
19:43 of 1st period - Wrist shot by Darroll Powe.
19:43 of 1st period - Stopped by Joni Ortio with a rebound.
19:45 of 1st period - Snap shot by Darroll Powe.
19:45 of 1st period - Shot Misses the Net.
19:47 of 1st period - Slapshot by John Draeger.
19:47 of 1st period - Deflect By Max Domi.
19:47 of 1st period - Goal by Max Domi - Diablos : 1 - Monarchs : 2.
19:48 of 1st period - Oscar Sundqvist wins face-off versus Lars Eller in neutral zone.
Goals for this period are 1 for Diablos vs 2 for Monarchs .
Shots for this period are 6 for Diablos vs 6 for Monarchs .
2nd period
0:01 of 2nd period - Darroll Powe wins face-off versus Lars Eller in neutral zone.
0:11 of 2nd period - Wrist shot by Darroll Powe.
0:11 of 2nd period - Goal by Darroll Powe - Diablos : 1 - Monarchs : 3.
0:12 of 2nd period - Lars Eller wins face-off versus Darroll Powe in neutral zone.
0:21 of 2nd period - Snap shot by Max Domi.
0:21 of 2nd period - Shot Misses the Net.
0:39 of 2nd period - Oscar Sundqvist is hit by Tyler Pitlick and loses puck.
1:27 of 2nd period - Slapshot by Andreas Martinsen.
1:27 of 2nd period - Shot Blocked by Viktor Loov.
1:29 of 2nd period - Wrist shot by Chris Tierney.
1:29 of 2nd period - Stopped by Joni Ortio with a rebound.
1:31 of 2nd period - Wrist shot by Tom Wilson.
1:31 of 2nd period - Goal by Tom Wilson - Diablos : 1 - Monarchs : 4.
1:31 of 2nd period - Kristers Gudlevskis enters game.
1:32 of 2nd period - Lars Eller wins face-off versus Darroll Powe in neutral zone.
2:06 of 2nd period - Backhand shot by Jiri Sekac.
2:06 of 2nd period - Shot Misses the Net.
2:41 of 2nd period - Snap shot by Max Domi.
2:41 of 2nd period - Stopped by Kristers Gudlevskis with a rebound.
2:43 of 2nd period - Slapshot by Zach Trotman.
2:43 of 2nd period - Deflect By Andrey Pedan.
2:43 of 2nd period - Stopped by Kristers Gudlevskis with a rebound.
2:45 of 2nd period - Wrist shot by Max Domi.
2:45 of 2nd period - Shot Misses the Net.
2:47 of 2nd period - Wrist shot by Darroll Powe.
2:47 of 2nd period - Goal by Darroll Powe - Diablos : 1 - Monarchs : 5.
2:48 of 2nd period - Darroll Powe wins face-off versus Lars Eller in neutral zone.
3:02 of 2nd period - Slapshot by Max Domi.
3:02 of 2nd period - Stopped by Kristers Gudlevskis with a rebound.
3:34 of 2nd period - Off-side.
3:35 of 2nd period - Chris Tierney wins face-off versus Peter Holland in neutral zone.
3:42 of 2nd period - Snap shot by Chris Tierney.
3:42 of 2nd period - Stopped by Kristers Gudlevskis with a rebound.
3:44 of 2nd period - Snap shot by Tom Wilson.
3:44 of 2nd period - Deflect By Chris Tierney.
3:44 of 2nd period - Stopped by Kristers Gudlevskis with a rebound.
3:56 of 2nd period - Minor Penalty to Andreas Martinsen for Tripping.
3:57 of 2nd period - Darroll Powe wins face-off versus Lars Eller in Monarchs zone.
4:07 of 2nd period - Off-side.
4:08 of 2nd period - Darroll Powe wins face-off versus Lars Eller in neutral zone.
4:11 of 2nd period - Snap shot by Luke Witkowski.
4:11 of 2nd period - Shot Blocked by Philip Larsen.
4:13 of 2nd period - Snap shot by Darroll Powe.
4:13 of 2nd period - Stopped by Kristers Gudlevskis without a rebound.
4:14 of 2nd period - Jordan Szwarz wins face-off versus Darroll Powe in Diablos zone.
4:43 of 2nd period - Darroll Powe is hit by Jiri Sekac and loses puck.
4:52 of 2nd period - Snap shot by Jiri Sekac.
4:52 of 2nd period - Stopped by Jason Missiaen with a rebound.
5:56 of 2nd period - Penalty to Andreas Martinsen is over, Andreas Martinsen is back on ice.
6:28 of 2nd period - Brian Dumoulin is hit by Tom Wilson and loses puck.
8:34 of 2nd period - Wrist shot by Andreas Martinsen.
8:34 of 2nd period - Stopped by Kristers Gudlevskis without a rebound.
8:35 of 2nd period - Corey Trivino wins face-off versus Darroll Powe in Diablos zone.
9:01 of 2nd period - Darroll Powe is hit by Andrei Mironov and loses puck.
9:18 of 2nd period - Wrist shot by Max Domi.
9:18 of 2nd period - Shot Blocked by Brian Dumoulin.
9:20 of 2nd period - Slapshot by Max Domi.
9:20 of 2nd period - Shot Blocked by Tyler Pitlick.
9:46 of 2nd period - Wrist shot by Darroll Powe.
9:46 of 2nd period - Shot Blocked by Tyler Pitlick.
9:48 of 2nd period - Slapshot by Morgan Rielly.
9:48 of 2nd period - Shot Misses the Net.
9:50 of 2nd period - Snap shot by Anthony Mantha.
9:50 of 2nd period - Stopped by Kristers Gudlevskis without a rebound.
9:51 of 2nd period - Lars Eller wins face-off versus Oscar Sundqvist in Diablos zone.
9:56 of 2nd period - Slapshot by Nick Spaling.
9:56 of 2nd period - Shot Blocked by Luke Witkowski.
9:58 of 2nd period - Wrist shot by Jordan Szwarz.
9:58 of 2nd period - Stopped by Jason Missiaen with a rebound.
10:00 of 2nd period - Snap shot by Lars Eller.
10:00 of 2nd period - Shot Blocked by Luke Witkowski.
10:02 of 2nd period - Slapshot by Lars Eller.
10:02 of 2nd period - Shot Misses the Net.
10:04 of 2nd period - Wrist shot by Alex Petrovic.
10:04 of 2nd period - Deflect By Lars Eller.
10:04 of 2nd period - Stopped by Jason Missiaen without a rebound.
10:05 of 2nd period - Oscar Sundqvist wins face-off versus Lars Eller in Monarchs zone.
10:14 of 2nd period - Wrist shot by Nick Spaling.
10:14 of 2nd period - Deflect By Lars Eller.
10:14 of 2nd period - Stopped by Jason Missiaen with a rebound.
10:18 of 2nd period - Snap shot by Lars Eller.
10:18 of 2nd period - Stopped by Jason Missiaen without a rebound.
10:19 of 2nd period - Lars Eller wins face-off versus Oscar Sundqvist in Monarchs zone.
10:40 of 2nd period - Minor Penalty to Brian Dumoulin for Hooking.
10:41 of 2nd period - Nick Spaling wins face-off versus Chris Tierney in Diablos zone.
10:46 of 2nd period - Snap shot by Nick Spaling.
10:46 of 2nd period - Deflect By Max Domi.
10:46 of 2nd period - Stopped by Jason Missiaen with a rebound.
10:48 of 2nd period - Slapshot by Philip Larsen.
10:48 of 2nd period - Stopped by Jason Missiaen without a rebound.
10:49 of 2nd period - Chris Tierney wins face-off versus Nick Spaling in Monarchs zone.
11:00 of 2nd period - Wrist shot by Lars Eller.
11:00 of 2nd period - Stopped by Jason Missiaen with a rebound.
11:02 of 2nd period - Slapshot by Andrey Pedan.
11:02 of 2nd period - Deflect By Max Domi.
11:02 of 2nd period - Stopped by Jason Missiaen with a rebound.
11:04 of 2nd period - Slapshot by Andrey Pedan.
11:04 of 2nd period - Shot Hit the Post.
11:06 of 2nd period - Slapshot by Andrey Pedan.
11:06 of 2nd period - Stopped by Jason Missiaen with a rebound.
11:08 of 2nd period - Slapshot by Andrey Pedan.
11:08 of 2nd period - Stopped by Jason Missiaen with a rebound.
11:10 of 2nd period - Wrist shot by Nick Spaling.
11:10 of 2nd period - Shot Blocked by Aaron Ekblad.
11:12 of 2nd period - Slapshot by Philip Larsen.
11:12 of 2nd period - Shot Misses the Net.
11:14 of 2nd period - Slapshot by Nick Spaling.
11:14 of 2nd period - Stopped by Jason Missiaen without a rebound.
11:15 of 2nd period - Elias Lindholm wins face-off versus Nick Spaling in Monarchs zone.
11:46 of 2nd period - Wrist shot by Anthony Mantha.
11:46 of 2nd period - Shot Misses the Net.
12:16 of 2nd period - Jiri Sekac is hit by Chris Tierney.
12:40 of 2nd period - Penalty to Brian Dumoulin is over, Brian Dumoulin is back on ice.
12:50 of 2nd period - Wrist shot by Oscar Sundqvist.
12:50 of 2nd period - Stopped by Kristers Gudlevskis without a rebound.
12:51 of 2nd period - Oscar Sundqvist wins face-off versus Peter Holland in Diablos zone.
13:00 of 2nd period - Peter Holland is hit by Nicolas Deslauriers and loses puck.
13:59 of 2nd period - Brian Dumoulin is hit by Samuel Morin and loses puck.
14:04 of 2nd period - Snap shot by Andreas Martinsen.
14:04 of 2nd period - Deflect By Tom Wilson.
14:04 of 2nd period - Stopped by Kristers Gudlevskis with a rebound.
14:06 of 2nd period - Snap shot by Chris Tierney.
14:06 of 2nd period - Shot Blocked by Corey Trivino.
14:45 of 2nd period - Darroll Powe is hit by Lars Eller and loses puck.
15:02 of 2nd period - Alex Petrovic is hit by Morgan Rielly and loses puck.
15:44 of 2nd period - Wrist shot by Lars Eller.
15:44 of 2nd period - Shot Blocked by Luke Witkowski.
15:46 of 2nd period - Slapshot by Viktor Loov.
15:46 of 2nd period - Shot Misses the Net.
15:48 of 2nd period - Snap shot by Nick Spaling.
15:48 of 2nd period - Goal by Nick Spaling - Diablos : 2 - Monarchs : 5.
15:49 of 2nd period - Max Domi wins face-off versus Lars Eller in neutral zone.
16:00 of 2nd period - Snap shot by Lars Eller.
16:00 of 2nd period - Shot Blocked by John Draeger.
16:05 of 2nd period - Off-side.
16:06 of 2nd period - Jiri Sekac wins face-off versus Nicolas Deslauriers in neutral zone.
16:31 of 2nd period - Jordan Szwarz is hit by Anthony Mantha and loses puck.
16:52 of 2nd period - Slapshot by Lars Eller.
16:52 of 2nd period - Shot Misses the Net.
16:54 of 2nd period - Slapshot by Alex Petrovic.
16:54 of 2nd period - Stopped by Jason Missiaen with a rebound.
16:56 of 2nd period - Snap shot by Sergey Tolchinsky.
16:56 of 2nd period - Shot Blocked by Griffin Reinhart.
16:58 of 2nd period - Slapshot by Peter Holland.
16:58 of 2nd period - Shot Misses the Net.
17:00 of 2nd period - Slapshot by Alex Petrovic.
17:00 of 2nd period - Shot Blocked by John Draeger.
17:02 of 2nd period - Slapshot by Alex Petrovic.
17:02 of 2nd period - Goal by Alex Petrovic - Diablos : 3 - Monarchs : 5.
17:03 of 2nd period - Lars Eller wins face-off versus Darroll Powe in neutral zone.
17:28 of 2nd period - Max Domi is hit by Brian Dumoulin and loses puck.
17:39 of 2nd period - David Pastrnak is hit by Max Domi and loses puck.
18:26 of 2nd period - Snap shot by Nick Spaling.
18:26 of 2nd period - Goal by Nick Spaling - Diablos : 4 - Monarchs : 5.
18:27 of 2nd period - Lars Eller wins face-off versus Nicolas Deslauriers in neutral zone.
18:41 of 2nd period - Minor Penalty to Zach Trotman for Diving.
18:42 of 2nd period - Lars Eller wins face-off versus Darroll Powe in Monarchs zone.
19:11 of 2nd period - Backhand shot by Philip Larsen.
19:11 of 2nd period - Deflect By Griffin Reinhart.
19:11 of 2nd period - Stopped by Jason Missiaen with a rebound.
Goals for this period are 3 for Diablos vs 3 for Monarchs .
Shots for this period are 17 for Diablos vs 14 for Monarchs .
3rd period
0:01 of 3rd period - Darroll Powe wins face-off versus Lars Eller in neutral zone.
0:10 of 3rd period - Snap shot by Luke Witkowski.
0:10 of 3rd period - Shot Blocked by Brian Dumoulin.
0:26 of 3rd period - Darroll Powe is hit by Tyler Pitlick and loses puck.
0:41 of 3rd period - Penalty to Zach Trotman is over, Zach Trotman is back on ice.
1:04 of 3rd period - Wrist shot by Chris Tierney.
1:04 of 3rd period - Stopped by Kristers Gudlevskis with a rebound.
1:06 of 3rd period - Wrist shot by Zach Trotman.
1:06 of 3rd period - Shot Misses the Net.
1:08 of 3rd period - Snap shot by Zach Trotman.
1:08 of 3rd period - Shot Misses the Net.
1:10 of 3rd period - Wrist shot by Zach Trotman.
1:10 of 3rd period - Stopped by Kristers Gudlevskis with a rebound.
1:12 of 3rd period - Snap shot by Chris Tierney.
1:12 of 3rd period - Stopped by Kristers Gudlevskis with a rebound.
1:14 of 3rd period - Wrist shot by Jacob De La Rose.
1:14 of 3rd period - Stopped by Kristers Gudlevskis with a rebound.
1:27 of 3rd period - Minor Penalty to Ty Rattie for Hooking.
1:28 of 3rd period - Nick Spaling wins face-off versus Elias Lindholm in Diablos zone.
1:35 of 3rd period - Off-side.
1:36 of 3rd period - Nick Spaling wins face-off versus Elias Lindholm in neutral zone.
1:41 of 3rd period - Snap shot by Nick Spaling.
1:41 of 3rd period - Stopped by Jason Missiaen with a rebound.
1:59 of 3rd period - Philip Larsen is hit by Chris Tierney and loses puck.
2:48 of 3rd period - Elias Lindholm is hit by Philip Larsen and loses puck.
3:01 of 3rd period - Max Domi is hit by Philip Larsen and loses puck.
3:27 of 3rd period - Penalty to Ty Rattie is over, Ty Rattie is back on ice.
3:45 of 3rd period - Wrist shot by Ty Rattie.
3:45 of 3rd period - Goal by Ty Rattie - Diablos : 5 - Monarchs : 5.
3:46 of 3rd period - Darroll Powe wins face-off versus Lars Eller in neutral zone.
3:49 of 3rd period - Wrist shot by Max Domi.
3:49 of 3rd period - Deflect By Darroll Powe.
3:49 of 3rd period - Stopped by Kristers Gudlevskis with a rebound.
3:51 of 3rd period - Slapshot by Griffin Reinhart.
3:51 of 3rd period - Deflect By Max Domi.
3:51 of 3rd period - Shot Blocked by Jordan Szwarz.
3:51 of 3rd period - Puck is out of play.
3:52 of 3rd period - Darroll Powe wins face-off versus Lars Eller in Diablos zone.
4:01 of 3rd period - Alex Petrovic is hit by Anthony Mantha and loses puck.
4:20 of 3rd period - Wrist shot by Luke Witkowski.
4:20 of 3rd period - Shot Blocked by Viktor Loov.
4:26 of 3rd period - Snap shot by Jiri Sekac.
4:26 of 3rd period - Stopped by Jason Missiaen without a rebound.
4:27 of 3rd period - Darroll Powe wins face-off versus Lars Eller in Monarchs zone.
4:51 of 3rd period - Jiri Sekac is hit by Oscar Sundqvist and loses puck.
4:58 of 3rd period - Luke Witkowski is hit by Tyler Pitlick.
5:09 of 3rd period - Icing by Samuel Morin.
5:10 of 3rd period - Peter Holland wins face-off versus Oscar Sundqvist in Monarchs zone.
5:11 of 3rd period - Wrist shot by David Pastrnak.
5:11 of 3rd period - Stopped by Jason Missiaen with a rebound.
5:13 of 3rd period - Snap shot by Nick Spaling.
5:13 of 3rd period - Stopped by Jason Missiaen with a rebound.
5:15 of 3rd period - Snap shot by Jordan Szwarz.
5:15 of 3rd period - Stopped by Jason Missiaen with a rebound.
5:17 of 3rd period - Wrist shot by Jordan Szwarz.
5:17 of 3rd period - Shot Misses the Net.
5:35 of 3rd period - Corey Trivino is hit by Anthony Mantha and loses puck.
6:19 of 3rd period - Icing by Jacob De La Rose.
6:20 of 3rd period - Peter Holland wins face-off versus Elias Lindholm in Monarchs zone.
7:08 of 3rd period - Slapshot by Griffin Reinhart.
7:08 of 3rd period - Stopped by Kristers Gudlevskis with a rebound.
7:10 of 3rd period - Wrist shot by Chris Tierney.
7:10 of 3rd period - Shot Misses the Net.
9:02 of 3rd period - Wrist shot by Luke Witkowski.
9:02 of 3rd period - Stopped by Kristers Gudlevskis with a rebound.
9:04 of 3rd period - Slapshot by Nicolas Deslauriers.
9:04 of 3rd period - Shot Misses the Net.
9:06 of 3rd period - Slapshot by John Draeger.
9:06 of 3rd period - Shot Blocked by Philip Larsen.
9:08 of 3rd period - Snap shot by Oscar Sundqvist.
9:08 of 3rd period - Shot Misses the Net.
9:10 of 3rd period - Snap shot by Luke Witkowski.
9:10 of 3rd period - Stopped by Kristers Gudlevskis without a rebound.
9:11 of 3rd period - Corey Trivino wins face-off versus Darroll Powe in Diablos zone.
9:47 of 3rd period - Wrist shot by Elias Lindholm.
9:47 of 3rd period - Stopped by Kristers Gudlevskis without a rebound.
9:48 of 3rd period - Adrian Kempe wins face-off versus Darroll Powe in Diablos zone.
9:57 of 3rd period - Snap shot by Ty Rattie.
9:57 of 3rd period - Shot Blocked by Aaron Ekblad.
9:59 of 3rd period - Snap shot by Ty Rattie.
9:59 of 3rd period - Shot Blocked by Aaron Ekblad.
10:01 of 3rd period - Snap shot by Alex Petrovic.
10:01 of 3rd period - Stopped by Jason Missiaen with a rebound.
10:03 of 3rd period - Slapshot by Alex Petrovic.
10:03 of 3rd period - Shot Blocked by Darroll Powe.
10:17 of 3rd period - Off-side.
10:18 of 3rd period - Tyler Pitlick wins face-off versus Chris Tierney in neutral zone.
10:27 of 3rd period - Snap shot by Corey Trivino.
10:27 of 3rd period - Deflect By Jiri Sekac.
10:27 of 3rd period - Stopped by Jason Missiaen without a rebound.
10:28 of 3rd period - Corey Trivino wins face-off versus Darroll Powe in Monarchs zone.
10:42 of 3rd period - Minor Penalty to Tyler Pitlick for Hooking.
10:43 of 3rd period - Nick Spaling wins face-off versus Chris Tierney in Diablos zone.
10:51 of 3rd period - Wrist shot by Nick Spaling.
10:51 of 3rd period - Shot Hit the Post.
11:10 of 3rd period - Icing by Elias Lindholm.
11:11 of 3rd period - Elias Lindholm wins face-off versus Nick Spaling in Monarchs zone.
11:20 of 3rd period - Wrist shot by Andreas Martinsen.
11:20 of 3rd period - Shot Blocked by Viktor Loov.
11:56 of 3rd period - Snap shot by Andreas Martinsen.
11:56 of 3rd period - Shot Misses the Net.
12:14 of 3rd period - Snap shot by Andreas Martinsen.
12:14 of 3rd period - Deflect By Elias Lindholm.
12:14 of 3rd period - Shot Misses the Net.
12:14 of 3rd period - Puck is out of play.
12:15 of 3rd period - Nick Spaling wins face-off versus Chris Tierney in Diablos zone.
12:31 of 3rd period - Snap shot by Chris Tierney.
12:31 of 3rd period - Goal by Chris Tierney - Diablos : 5 - Monarchs : 6.
12:32 of 3rd period - Darroll Powe wins face-off versus Lars Eller in neutral zone.
12:37 of 3rd period - Slapshot by Anthony Mantha.
12:37 of 3rd period - Shot Misses the Net.
12:39 of 3rd period - Slapshot by Morgan Rielly.
12:39 of 3rd period - Stopped by Kristers Gudlevskis without a rebound.
12:40 of 3rd period - Lars Eller wins face-off versus Darroll Powe in Diablos zone.
13:13 of 3rd period - Slapshot by Morgan Rielly.
13:13 of 3rd period - Deflect By Brian Dumoulin.
13:13 of 3rd period - Stopped by Kristers Gudlevskis with a rebound.
13:15 of 3rd period - Wrist shot by Max Domi.
13:15 of 3rd period - Stopped by Kristers Gudlevskis without a rebound.
13:16 of 3rd period - Chris Tierney wins face-off versus Corey Trivino in Diablos zone.
13:27 of 3rd period - Snap shot by Andreas Martinsen.
13:27 of 3rd period - Stopped by Kristers Gudlevskis with a rebound.
13:31 of 3rd period - Snap shot by Tom Wilson.
13:31 of 3rd period - Shot Blocked by Viktor Loov.
13:41 of 3rd period - Tyler Pitlick is hit by Brett Connolly and loses puck.
14:37 of 3rd period - Wrist shot by Nick Spaling.
14:37 of 3rd period - Stopped by Jason Missiaen with a rebound.
14:39 of 3rd period - Slapshot by Viktor Loov.
14:39 of 3rd period - Stopped by Jason Missiaen without a rebound.
14:40 of 3rd period - Chris Tierney wins face-off versus Lars Eller in Monarchs zone.
14:45 of 3rd period - Wrist shot by Tom Wilson.
14:45 of 3rd period - Stopped by Kristers Gudlevskis without a rebound.
14:46 of 3rd period - Chris Tierney wins face-off versus Lars Eller in Diablos zone.
14:47 of 3rd period - Snap shot by Andreas Martinsen.
14:47 of 3rd period - Shot Blocked by Nick Spaling.
14:57 of 3rd period - Snap shot by Nick Spaling.
14:57 of 3rd period - Shot Blocked by Tom Wilson.
15:11 of 3rd period - Brian Dumoulin is hit by Max Domi and loses puck.
15:22 of 3rd period - Snap shot by Darroll Powe.
15:22 of 3rd period - Stopped by Kristers Gudlevskis without a rebound.
15:23 of 3rd period - Jordan Szwarz wins face-off versus Oscar Sundqvist in Diablos zone.
15:38 of 3rd period - Wrist shot by Luke Witkowski.
15:38 of 3rd period - Shot Misses the Net.
17:35 of 3rd period - Sergey Tolchinsky is hit by Elias Lindholm and loses puck.
18:24 of 3rd period - Wrist shot by Jiri Sekac.
18:24 of 3rd period - Shot Misses the Net.
18:26 of 3rd period - Slapshot by Jiri Sekac.
18:26 of 3rd period - Stopped by Jason Missiaen with a rebound.
18:47 of 3rd period - Snap shot by Anthony Mantha.
18:47 of 3rd period - Stopped by Kristers Gudlevskis with a rebound.
18:49 of 3rd period - Wrist shot by Aaron Ekblad.
18:49 of 3rd period - Stopped by Kristers Gudlevskis without a rebound.
18:50 of 3rd period - Gerard Gallant call a timeout for Diablos .
18:50 of 3rd period - Jiri Sekac wins face-off versus Chris Tierney in Diablos zone.
18:57 of 3rd period - Wrist shot by Nicolas Deslauriers.
18:57 of 3rd period - Stopped by Kristers Gudlevskis without a rebound.
18:58 of 3rd period - Chris Tierney wins face-off versus Lars Eller in Diablos zone.
19:03 of 3rd period - Snap shot by Nicolas Deslauriers.
19:03 of 3rd period - Shot Blocked by Lars Eller.
19:05 of 3rd period - Snap shot by Chris Tierney.
19:05 of 3rd period - Stopped by Kristers Gudlevskis without a rebound.
19:06 of 3rd period - Chris Tierney wins face-off versus Lars Eller in Diablos zone.
19:20 of 3rd period - Diablos , Kristers Gudlevskis is pulled from the net.
19:46 of 3rd period - Wrist shot by Nicolas Deslauriers.
19:46 of 3rd period - Goal by Nicolas Deslauriers - Diablos : 5 - Monarchs : 7.
19:46 of 3rd period - Kristers Gudlevskis from Diablos was sent back in the game.
19:47 of 3rd period - Peter Holland wins face-off versus Chris Tierney in neutral zone.
19:56 of 3rd period - Aaron Ekblad is hit by David Pastrnak and loses puck.
Goals for this period are 1 for Diablos vs 2 for Monarchs .
Shots for this period are 11 for Diablos vs 21 for Monarchs .
Back to the Top